 Dungeon Crawl Stone Soup version 0.29.1-2-gbd0b4ee654 (webtiles) character file.

Game seed: 17817001234904283408

5360 haplo81 the Severer (level 10, 0/78 HPs)
             Began as a Minotaur Berserker on Nov 6, 2022.
             Was an Elder of Trog.
             Killed from afar by an electric eel (11 damage)
             ... with a bolt of electricity
             ... on level 9 of the Dungeon on Nov 7, 2022.
             The game lasted 02:08:10 (10574 turns).

haplo81 the Severer (Minotaur Berserker)           Turns: 10574, Time: 02:08:11

Health: 0/78       AC: 13    Str: 28    XL:     10   Next: 39%
Magic:  9/9        EV: 16    Int:  4    God:    Trog [****..]
Gold:   506        SH:  9    Dex: 10    Spells: 9/9 levels left

rFire   . . .      SeeInvis .   n - +2 broad axe (elec)
rCold   . . .      Faith    .   b - +3 kite shield of Lugonu's Benevolence {*Slow Will+ Str+2}
rNeg    . . .      Spirit   .   t - +3 scale mail
rPois   .          Reflect  .   (helmet restricted)
rElec   .          Harm     .   v - +0 cloak
rCorr   .          Rampage  .   q - +0 pair of gloves
Will    +++..                   w - +0 pair of boots
Stlth   ..........              (no amulet)
HPRegen 1.23/turn               c - +4 ring of evasion
MPRegen 0.11/turn               a - +4 ring of evasion

@: strong-willed, regenerating
A: horns 2, retaliatory headbutt
a: Renounce Religion, Berserk, Trog's Hand, Brothers in Arms


You were on level 9 of the Dungeon.
You worshipped Trog.
Trog was greatly pleased with you.
You visited 2 branches of the dungeon, and saw 10 of its levels.

You collected 506 gold pieces.

Inventory:

Hand Weapons
 f - a +3 flail of holy wrath
 n - a +2 broad axe of electrocution (weapon)
 C - a +2 war axe of freezing
 D - a +5 battleaxe of freezing
Missiles
 e - 10 boomerangs (quivered)
 G - a throwing net
Armour
 b - the +3 kite shield of Lugonu's Benevolence (worn) {*Slow Will+ Str+2}
   (You acquired it on level 4 of the Dungeon)

   Str:       It affects your strength (+2).
   *Slow:     It may slow you when you take damage.
   Will:      It increases your willpower.
 q - a +0 pair of gloves (worn)
 t - a +3 scale mail (worn)
 v - a +0 cloak (worn)
 w - a +0 pair of boots (worn)
Jewellery
 a - a +4 ring of evasion (right hand)
 c - a +4 ring of evasion (left hand)
 x - a ring of willpower
 K - the ring "Tithiz" {Fire Int-4 Dex+4 Stlth+}
   (You found it on level 8 of the Dungeon)

   [ring of fire]

   It enhances your fire magic.
   Int:       It affects your intelligence (-4).
   Dex:       It affects your dexterity (+4).
   rF:        It protects you from fire.
   rC:        It makes you vulnerable to cold.
   Stlth:     It makes you more stealthy.
Wands
 u - a wand of iceblast (4)
Scrolls
 d - 3 scrolls of immolation
 g - 3 scrolls of identify
 l - a scroll of acquirement
 o - 2 scrolls of poison
 p - 4 scrolls of noise
 y - 2 scrolls of enchant weapon {unknown}
 z - a scroll of enchant armour {unknown}
 A - 2 scrolls of brand weapon {unknown}
 B - 2 scrolls of fear {unknown}
 H - 4 scrolls of teleportation {unknown}
 J - a scroll of amnesia
Potions
 h - a potion of brilliance
 i - a potion of magic {unknown}
 j - 4 potions of curing
 k - 3 potions of heal wounds
 m - a potion of mutation {unknown}
 r - a potion of cancellation {unknown}
 s - 3 potions of might {unknown}
 E - 2 potions of lignification {unknown}
 F - 2 potions of flight {unknown}
 I - a potion of berserk rage {unknown}


   Skills:
 - Level 4.0 Fighting
 + Level 18.1 Axes
 - Level 0.1(11.8) Maces & Flails
 - Level 2.6 Armour
 - Level 2.3 Dodging


You had 9 spell levels left.
You didn't know any spells.
Your spell library was empty.

Dungeon Overview and Level Annotations

Branches:
Dungeon (9/15)             Temple (1/1) D:7
   Lair: D:8-11         Orc: D:9-12

Altars:
Ashenzari
Dithmenos
Elyvilon
Fedhas
Gozag
Hepliaklqana
Kikubaaqudgha
Makhleb
Nemelex Xobeh
Okawaru
Qazlal
Sif Muna
Trog
Uskayaw
Vehumet
Wu Jian
Xom
Yredelemnul
The Shining One


Innate Abilities, Weirdness & Mutations

You have a pair of horns on your head.
You reflexively headbutt those who attack you in melee.


Message History

Moving in this stuff is going to be slow.
Items here: (( ))) ††.
The electric eel shoots out a bolt of lightning at you!
The bolt of electricity hits you!
The electric eel shoots out a bolt of lightning at you!
The bolt of electricity hits the plant!
The plant begins to die.
The bolt of electricity hits the plant!
The plant begins to die.
The bolt of electricity misses you.
The electric eel shoots out a bolt of lightning at you!
The bolt of electricity hits you.
The bolt of electricity hits the plant!
The plant begins to die.
The electric eel shoots out a bolt of lightning at you!
The bolt of electricity hits the plant!
The bolt of electricity misses you.
You enter the shallow water.
Moving in this stuff is going to be slow.
The electric eel shoots out a bolt of lightning at you!
The bolt of electricity hits you!
A nearby plant withers and dies. x2
The electric eel shoots out a bolt of lightning at you!
The bolt of electricity hits you!
The electric eel shoots out a bolt of lightning at you!
The bolt of electricity hits you.
* * * LOW HITPOINT WARNING * * *
The electric eel shoots out a bolt of lightning at you!
The bolt of electricity hits you!
* * * LOW HITPOINT WARNING * * *
Items here: (( ))) ††.
Your skin crawls.
You feel strong-willed.
A nearby plant withers and dies.
The electric eel shoots out a bolt of lightning at you!
The bolt of electricity hits the electric eel.
The electric eel completely resists.
The bolt of electricity hits you.
* * * LOW HITPOINT WARNING * * *
The electric eel shoots out a bolt of lightning at you!
The bolt of electricity misses you.
The electric eel shoots out a bolt of lightning at you!
The bolt of electricity hits the electric eel.
The electric eel completely resists.
The bolt of electricity hits you!
You die...

#......)..)..#####.#
#.###.###.#.#.####.#
#.# #.# #.#.........
#.# #.# #.###.#.##.#
###.###.####...##.##.#
#/........# ### .# .#
#.###.#.#.# .. #.#
#.#.#.### .. ~.# #@♣♣♣
.. ... ~~~♣~ ♣)♣♣♣P##
... ~~~♣♣♣♣~≈~~♣~#.
~~~~~S~S~~~~P~~.
.................
~P~~P~S~~~~~P~.
~~P~~~~≈~~~~~≈.
~P~~♣~~~~~~~~≈.
~♣P♣###♣♣♣♣~~~.


You could see 2 electric eels.

Vanquished Creatures
  The ghost of lotum the Cleaver, a novice MeCA of Ignis (D:8)
  Pikel (D:5)
  Maggie (D:7)
  Sigmund (D:3)
  A shadow (D:6)
  A wyvern (D:8)
  A steam dragon (D:8)
  A vampire mosquito (D:6)
  A water moccasin (D:6)
  A sky beast (D:7)
  4 ice beasts
  An ogre (D:6)
  3 centaurs
  2 phantoms (D:5)
  Blork the orc (D:4)
  2 bullfrogs
  A kobold brigand (D:9)
  A gnoll sergeant (D:7)
  A necrophage (D:4)
  10 wights
  3 scorpions
  3 howler monkeys
  2 jellies
  Crazy Yiuf (D:3)
  4 orc priests
  2 hounds (D:5)
  2 gnoll boudas
  Ijyb (D:3)
  3 iguanas
  7 orc wizards
  Natasha (thrice) (D:2)
  A centaur simulacrum (D:8)
  A killer bee simulacrum (D:8)
  13 gnolls
  7 adders
  4 river rats (D:3)
  2 shadow imps (D:6)
  2 white imps
  2 howler monkey simulacra (D:8)
  2 ufetubi
  A worm (D:2)
  2 dart slugs
  26 orcs
  6 bats
  6 endoplasms
  5 giant cockroaches
  4 goblins
  3 hobgoblins
  9 jackals
  13 kobolds
  8 quokkas
  11 ball pythons
  A frilled lizard (D:1)
  3 rats
199 creatures vanquished.

Vanquished Creatures (others)
  26 plants
26 creatures vanquished.

Grand Total: 225 creatures vanquished

Notes
Turn   | Place    | Note
-------+----------+-------------------------------------------
     0 | D:1      | haplo81 the Minotaur Berserker began the quest for the Orb.
     0 | D:1      | Reached XP level 1. HP: 19/19 MP: 0/0
   241 | D:1      | Reached skill level 4 in Axes
   272 | D:1      | Reached XP level 2. HP: 24/27 MP: 1/1
   817 | D:1      | Reached XP level 3. HP: 33/33 MP: 2/2
   937 | D:1      | Reached ** piety under Trog
  1126 | D:1      | Identified 2 scrolls of acquirement
  1126 | D:1      | Acquired a +2 broad axe of electrocution
  1279 | D:2      | Noticed Natasha
  1282 | D:2      | Killed Natasha
  1283 | D:2      | Reached skill level 5 in Axes
  1411 | D:2      | Found a faded altar of an unknown god.
  1600 | D:2      | Noticed Natasha
  1606 | D:2      | Killed Natasha
  1607 | D:2      | Reached XP level 4. HP: 40/40 MP: 3/3
  1658 | D:2      | Reached skill level 6 in Axes
  2132 | D:2      | Noticed Natasha
  2137 | D:2      | Killed Natasha
  2388 | D:3      | Noticed Ijyb
  2393 | D:3      | Killed Ijyb
  2394 | D:3      | Reached XP level 5. HP: 43/46 MP: 4/4
  2442 | D:3      | Found a white marble altar of Elyvilon.
  2680 | D:3      | Reached skill level 7 in Axes
  2850 | D:3      | Noticed Sigmund
  2866 | D:3      | Killed Sigmund
  2867 | D:3      | Reached skill level 8 in Axes
  2867 | D:3      | Reached XP level 6. HP: 52/52 MP: 5/5
  2879 | D:3      | Found a runed translucent door.
  2880 | D:3      | Noticed Crazy Yiuf
  3034 | D:3      | Reached skill level 9 in Axes
  3196 | D:3      | Killed Crazy Yiuf
  3565 | D:4      | Reached XP level 7. HP: 59/59 MP: 6/6
  3597 | D:4      | Noticed Blork the orc
  3608 | D:4      | Killed Blork the orc
  3694 | D:4      | Reached skill level 10 in Axes
  3722 | D:4      | Reached *** piety under Trog
  4257 | D:4      | Acquired the +3 kite shield of Lugonu's Benevolence {*Slow
                  | Will+ Str+2}
  4291 | D:5      | Entered Level 5 of the Dungeon
  4500 | D:5      | Reached skill level 11 in Axes
  4698 | D:5      | Reached XP level 8. HP: 66/66 MP: 7/7
  5107 | D:5      | Reached skill level 12 in Axes
  5671 | D:5      | Noticed Pikel
  5684 | D:5      | Killed Pikel
  5685 | D:5      | Reached skill level 13 in Axes
  6132 | D:6      | Found an opulent altar of Gozag.
  6132 | D:6      | Found a sparkling altar of Nemelex Xobeh.
  6610 | D:6      | Reached skill level 14 in Axes
  6610 | D:6      | Reached XP level 9. HP: 63/71 MP: 8/8
  7083 | D:6      | Reached skill level 15 in Axes
  7548 | D:6      | Found a burning altar of Makhleb.
  7632 | D:7      | Found a staircase to the Ecumenical Temple.
  7640 | Temple   | Entered the Ecumenical Temple
  7924 | D:7      | Reached **** piety under Trog
  8316 | D:7      | Reached skill level 16 in Axes
  8391 | D:7      | Noticed Maggie
  8396 | D:7      | Killed Maggie
  8749 | D:7      | Found a shadowy altar of Dithmenos.
  9338 | D:8      | Reached XP level 10. HP: 31/78 MP: 9/9
  9579 | D:8      | Reached skill level 17 in Axes
  9816 | D:8      | Found a runed translucent gate.
  9816 | D:8      | Found a runed translucent gate.
  9816 | D:8      | Found a runed translucent gate.
  9898 | D:8      | Noticed lotum's ghost (novice MeCA)
  9927 | D:8      | Killed lotum's ghost
  9969 | D:8      | Got the ring "Tithiz" {Fire Int-4 Dex+4 Stlth+}
 10255 | D:8      | Found an ornate altar of the Wu Jian Council.
 10425 | D:9      | Reached skill level 18 in Axes
 10574 | D:9      | Killed from afar by an electric eel

Illustrated notes

Levels and vault maps discovered:
D:1:      minmay_arrival_doors, layout_basic, minmay_misc_feat_ornament
D:2:      layout_loops_ring, serial_aquarium, aquarium_bridge_long_joined
          [aquarium_subvault_bridge, aquarium_subvault_window,
          aquarium_subvault_wall, aquarium_subvault_balcony,
          aquarium_subvault_bridge, aquarium_subvault_balcony],
          aquarium_bridge_square [aquarium_subvault_wall,
          aquarium_subvault_bridge, aquarium_subvault_window,
          aquarium_subvault_wall], aquarium_window_1, aquarium_window_1,
          aquarium_window_fake, aquarium_view_2a, aquarium_balcony_3a,
          aquarium_pool_2, shapermc_ecumenical_altar_notcrosses,
          dreamdust_wishing_well, uniq_natasha
D:3:      layout_loops_cross, mainiacjoe_overflow_tiny_flanked,
          portal_sewer_entry_e, kennysheep_path_1, uniq_crazy_yiuf_cottage,
          uniq_ijyb, uniq_sigmund
D:4:      layout_basic, uniq_blork_the_orc
D:5:      minmay_spotlight, layout_cave_pods, hangedman_decor_peaks_small,
          uniq_pikel
D:6:      layout_loops_ring, grunt_temple_overflow_opulence,
          mainiacjoe_overflow_surrounded_room, minmay_divided_ellipse
D:7:      layout_cave_pods, mainiacjoe_overflow_boulevard,
          minmay_temple_entry_statues_fountains, uniq_maggie
D:8:      layout_loops_ring, lemuel_doored_altar, gammafunk_ghost_icy
D:9:      layout_loops_ring, serial_bayou, serial_bayou_crossing,
          serial_bayou_lagoon_b, serial_bayou_pond_a, serial_bayou_pond_e,
          kennysheep_small_spiral
Temple:   regret_index_temple_generic_petals

Skill      XL: |  1  2  3  4  5  6  7  8  9 10 |
---------------+-------------------------------+-----
Axes           | 4 5 6 8 9 11 14 16 18 | 18.1
Fighting       | 4 |  4.0
Maces & Flails | |  0.1
Armour         | |  2.6
Dodging        | |  2.3

Action                   |  1- 3 |  4- 6 |  7- 9 | 10-12 || total
-------------------------+-------+-------+-------+-------++-------
Melee: Hand axe          |    54 |       |       |       ||    54
       Headbutt          |     7 |     9 |    32 |     8 ||    56
       Broad axe         |     9 |    76 |   181 |    25 ||   291
       Flail             |       |       |     2 |     9 ||    11
       Battleaxe         |       |       |     3 |    22 ||    25
Throw: Stone             |     5 |       |       |       ||     5
       Boomerang         |     5 |    42 |    65 |     3 ||   115
Invok: Berserk           |     2 |     2 |     4 |     1 ||     9
       Trog's Hand       |       |       |       |     1 ||     1
  Use: Scroll            |     6 |       |     6 |       ||    12
Armor: Ring mail         |     8 |     9 |       |       ||    17
       Animal skin       |     1 |       |       |       ||     1
       Scale mail        |       |    18 |    38 |    13 ||    69
Dodge: Dodged            |    42 |    76 |   103 |    39 ||   260
Block: Kite shield       |       |       |    71 |    10 ||    81
